 Dungeon Crawl Stone Soup version 0.30-a0-358-g0d69a1922f (webtiles) character file.

Game seed: 17971326384962112799

101 Essalna the Digger (level 4, -8/28 HPs)
             Began as a Gargoyle Earth Elementalist on Nov 11, 2022.
             Mangled by Sigmund
             ... wielding a +1 scythe of protection
              (12 damage)
             ... on level 2 of the Dungeon.
             The game lasted 00:02:15 (1231 turns).

Essalna the Digger (Gargoyle Earth Elementalist)    Turns: 1231, Time: 00:02:15

Health: -8/28      AC:  5    Str: 18    XL:     4   Next: 75%
Magic:  7/7        EV: 11    Int: 17    God:
Gold:   60         SH:  0    Dex: 10    Spells: 6/7 levels left

rFire   . . .      SeeInvis .    i - +0 club
rCold   . . .      Faith    .    (no shield)
rNeg    + . .      Spirit   .    a - +0 robe
rPois   ∞          Reflect  .    (no helmet)
rElec   +          Harm     .    (no cloak)
rCorr   .          Rampage  .    (no gloves)
Will    .....                    (no boots)
Stlth   ++........               (no amulet)
HPRegen 0.24/turn                g - +6 ring of strength
MPRegen 0.10/turn                (no ring)

@: no status effects
A: sickness immunity, AC +3, negative energy resistance 1, electricity
resistance, torment resistance 1, petrification resistance
a: no special abilities


You were on level 2 of the Dungeon.
You visited 1 branch of the dungeon, and saw 2 of its levels.

You collected 60 gold pieces.

Inventory:

Hand Weapons
 i - a +0 club (weapon)
Missiles
 m - a throwing net
Armour
 a - a +0 robe (worn)
 l - a +2 robe of positive energy
Jewellery
 c - an amulet of faith
 g - a +6 ring of strength (left hand)
Scrolls
 d - 3 scrolls of identify {unknown}
 j - a scroll of fear {unknown}
 k - a scroll of immolation {unknown}
 n - a scroll of teleportation {unknown}
 o - a scroll of silence {unknown}
Potions
 h - a potion of haste


   Skills:
 + Level 3.1 Fighting
 - Level 1.5 Dodging
 - Level 2.1 Stealth
 - Level 2.0 Spellcasting
 - Level 0.7 Transmutations
 + Level 5.2 Earth Magic


You had 6 spell levels left.
You knew the following spells:

 Your Spells              Type           Power      Damage    Failure   Level
a - Sandblast             Erth           38%        2d10      2%          1

Your spell library contained the following spells:

 Spells                   Type           Power      Damage    Failure   Level
 Passwall                 Tmut/Erth      9%         N/A       9%          2
 Stone Arrow              Conj/Erth      20%        3d8       21%         3
 Ignite Poison            Fire/Tmut/Pois 2%         N/A       47%         3
 Petrify                  Tmut/Erth      11%        N/A       50%         4
 Sticky Flame             Conj/Fire      1%         2d3       88%         4
 Ignition                 Fire           0%         3d3       100%        8


Dungeon Overview and Level Annotations

Branches:
Dungeon (2/15)

Altars:

Annotations:
D:2 Sigmund


Innate Abilities, Weirdness & Mutations

You are immune to sickness and miasma.
Your stone body is resilient. (AC +3)
You are immune to poison.
You resist negative energy. (rN+)
You are resistant to electric shocks. (rElec)
You are resistant to unholy torment.
You are immune to petrification.


Message History

The magic dart hits you.
Casting: Sandblast (safe; 2% risk of failure)
Confirm with . or Enter, or press ? or * to list all spells.
You don't have enough magic to cast this spell.
Unknown command.
Magic courses through your body.
Sigmund gestures wildly while chanting.
Sigmund flickers and vanishes!
Deactivating autopickup; reactivate with Ctrl-A.
Casting: Sandblast (safe; 2% risk of failure)
Confirm with . or Enter, or press ? or * to list all spells.
Aiming: Sandblast (safe; 2% risk of failure)
Press: ? - help, Shift-Dir - straight line A magic dart appears from out of thin air!
The magic dart hits you! Something hits you!
* * * LOW HITPOINT WARNING * * *
Casting: Sandblast (safe; 2% risk of failure)
Confirm with . or Enter, or press ? or * to list all spells.
Aiming: Sandblast (safe; 2% risk of failure)
Press: ? - help, Shift-Dir - straight line Something hits you but does no damage.
It was a potion of ambrosia.
You are confused.
You feel invigorated.
It was a potion of brilliance.
You feel clever all of a sudden. Something hits you.
* * * LOW HITPOINT WARNING * * *
It was a potion of haste.
You feel yourself speed up. Something hits you!
* * * LOW HITPOINT WARNING * * *
It was a potion of cancellation.
Your magical effects are unravelling.
You feel magically purged.
You feel less invigorated.
You feel yourself slow down.
You feel less confused.
You feel a little less clever now.
Casting: Sandblast (safe; 2% risk of failure)
Confirm with . or Enter, or press ? or * to list all spells.
You don't know that spell.
Something hits you!
You die...

!~~.~~............[.....#
.~~≈~~$†..#..#######....##
..~~.~.#.##..# #.......
..~≈~~...##..### #.....##
.~≈~~~.####....####.######
..~~~~. #.##...##.######
..~~≈~~ #.####.#.......#
..~~~≈.####.# #..........
..≈.≈.~.{@..# ###........
~≈≈~~###### #...>.... ~~≈
###.....# ~ #...).#
#.....# ####### ##.....
#<#.### ###.# #


There were no monsters in sight!

Vanquished Creatures
  Jessica (D:2)
  2 adders (D:2)
  3 gnolls (D:2)
  A dart slug (D:2)
  4 endoplasms
  A giant cockroach (D:1)
  A goblin (D:2)
  A hobgoblin (D:1)
  5 kobolds
  A quokka (D:1)
  4 ball pythons
  2 bats (D:1)
  A frilled lizard (D:1)
  2 rats
29 creatures vanquished.

Vanquished Creatures (others)
  2 plants (D:2)
2 creatures vanquished.

Grand Total: 31 creatures vanquished

Notes
Turn   | Place    | Note
-------+----------+-------------------------------------------
     0 | D:1      | Essalna the Gargoyle Earth Elementalist began the quest for
                  | the Orb.
     0 | D:1      | Reached XP level 1. HP: 10/10 MP: 3/3
   222 | D:1      | Reached skill level 1 in Fighting
   255 | D:1      | Reached XP level 2. HP: 16/16 MP: 3/5
   258 | D:1      | Reached skill level 4 in Earth Magic
   391 | D:1      | Found a faded altar of an unknown god.
   569 | D:2      | Reached XP level 3. HP: 7/21 MP: 0/6
   944 | D:2      | Noticed Jessica
   949 | D:2      | Reached XP level 4. HP: 19/27 MP: 1/7
   959 | D:2      | Killed Jessica
   960 | D:2      | Reached skill level 5 in Earth Magic
  1201 | D:2      | Noticed Sigmund
  1229 | D:2      | HP: 1/28 [something (9)]
  1231 | D:2      | Mangled by Sigmund

Illustrated notes

Levels and vault maps discovered:
D:1:      lemuel_arrival_lava_pool, layout_rooms,
          shapermc_ecumenical_altar_acropolis
D:2:      wad_lake_hut, layout_basic, serial_rivers,
          chequers_serial_rivers_room_a, chequers_serial_rivers_large_b,
          chequers_serial_rivers_large_a, chequers_serial_rivers_micro_e,
          chequers_serial_rivers_small_b, chequers_serial_rivers_micro_a,
          minmay_hexomino_f4, uniq_jessica, uniq_crazy_yiuf_cottage,
          uniq_sigmund

Skill      XL: |  1  2  3  4 |
---------------+-------------+-----
Fighting       | 1 2 3 |  3.1
Earth Magic    | 4 5 |  5.2
Dodging        | |  1.5
Stealth        | |  2.1
Spellcasting   | |  2.0
Transmutations | |  0.7

Action                   |  1- 3 |  4- 6 || total
-------------------------+-------+-------++-------
Melee: Unarmed           |     1 |       ||     1
       Club              |     6 |     6 ||    12
 Cast: Sandblast         |    34 |    15 ||    49
  Use: Potion            |       |     5 ||     5
Armor: Robe              |     8 |     4 ||    12
Dodge: Dodged            |    15 |     6 ||    21

Table legend: (Time is in decaauts)
 A = Elapsed time spent in this place.
 B = Non-inter-level travel time spent in this place.
 C = Inter-level travel time spent in this place.
 D = Time resting spent in this place.
 E = Time spent auto-exploring this place.
 F = Levels seen in this place.
 G = Mean time per level.
                   A        B        C        D        E       F      G
               +--------+--------+--------+--------+--------+-----+--------+
         Total |   1289 |   1266 |     23 |     38 |    999 |   2 |  644.5 |
       Dungeon |   1289 |   1266 |     23 |     38 |    999 |   2 |  644.5 |
               +--------+--------+--------+--------+--------+-----+--------+

Top non-repeatable levels by time:
     D:2: 761 daAuts
     D:1: 528 daAuts
